 Dungeon Crawl Stone Soup version 0.24-a0-272-g1411513 (webtiles) character file.

Game seed: 2864109645059946101

249 MatthieuS the Chopper (level 5, -5/70 HPs)
             Began as a Draconian Berserker on Apr 24, 2019.
             Was a Priest of Trog.
             Slain by Menkaure (18 damage)
             ... on level 4 of the Dungeon.
             The game lasted 00:04:24 (2696 turns).

MatthieuS the Chopper (Draconian Berserker)         Turns: 2696, Time: 00:04:24

Health: -5/70      AC:  6    Str: 25    XL:     5   Next: 87%
Magic:  5/5        EV: 12    Int:  7    God:    Trog [***...]
Gold:   125        SH:  0    Dex: 11    Spells: 4/4 levels left

rFire    . . .     SeeInvis .   a - +0 hand axe
rCold    . . .     Gourm    .   (no shield)
rNeg     . . .     Faith    .   (armour unavailable)
rPois    .         Spirit   .   (helmet restricted)
rElec    .         Reflect  .   i - +0 cloak
rCorr    .         Harm     .   (no gloves)
MR       .....                  (no boots)
Stlth    ..........             (no amulet)
HPRegen  0.21/turn              (no ring)
MPRegen  0.09/turn              (no ring)

@: berserking, very quick
A: unfitting armour, cold-blooded, AC +5
a: Berserk, Trog's Hand, Renounce Religion


You were on level 4 of the Dungeon.
You worshipped Trog.
Trog was most pleased with you.
You were not hungry.

You visited 1 branch of the dungeon, and saw 4 of its levels.

You collected 125 gold pieces.

Inventory:

Hand Weapons
 a - a +0 hand axe (weapon)
Armour
 i - a +0 cloak (worn)
   (You found it on level 1 of the Dungeon)
Wands
 t - a wand of flame (14)
   (You took it off Natasha on level 2 of the Dungeon)
Scrolls
 b - 4 scrolls of remove curse {@r2}
 c - a scroll of blinking
 f - a scroll of identify {@r1}
 h - a scroll of fear
 k - 2 scrolls of magic mapping
 l - 2 scrolls of immolation {!r}
Potions
 d - 2 potions of curing {unknown}
 g - a potion of cancellation {unknown}
 j - a potion of lignification {unknown}
 o - a potion of mutation {unknown}
 q - a potion of flight {unknown}
Comestibles
 e - 5 rations


   Skills:
 + Level 4.9 Fighting
 * Level 5.7 Axes
 - Level 2.6 Dodging


You had 4 spell levels left.
You didn't know any spells.
Your spell library was empty.

Dungeon Overview and Level Annotations

Branches:
Dungeon (4/15)
 Temple: D:4-7

Altars:
Cheibriados
Dithmenos
Nemelex Xobeh
Zin

Annotations:
D:4 Menkaure


Innate Abilities, Weirdness & Mutations

Your plain brown scales are hard. (AC +5)
You cannot fit into any form of body armour.
You are cold-blooded and may be slowed by cold attacks.


Message History

You hit the giant cockroach.
You kill the giant cockroach!
Trog accepts your kill.
No target in view!
No target in view!
You butcher the giant cockroach corpse.
m - a chunk of flesh You hear the slow rusting of a very distant drain.
Found 22 sling bullets.
You see here 22 sling bullets.
Eating a chunk of flesh.
You eat the chunk of flesh.
A quokka skeleton comes into view.
Found a sparkling altar of Nemelex Xobeh.
A quokka skeleton is nearby!
A quokka skeleton is nearby!
You hit the quokka skeleton but do no damage.
The quokka skeleton bites you but does no damage.
You hit the quokka skeleton. You tail-slap the quokka skeleton.
You destroy the quokka skeleton!
Trog accepts your kill.
No target in view!
No target in view!
No target in view!
There is a fountain of sparkling water here.
There is a sparkling altar of Nemelex Xobeh here.
Found 24 arrows.
There is a fountain of sparkling water here.
Menkaure, Prince of Dust comes into view.
Menkaure shouts!
Menkaure casts a spell at you. Pain shoots through your body!
Found 6 gold pieces.
Menkaure murmurs drily.
You barely miss Menkaure. You barely miss Menkaure. You tail-slap Menkaure.
Menkaure casts a spell.
Menkaure seems to speed up.
You hit Menkaure. You tail-slap Menkaure. Menkaure hits you.
You hit Menkaure.
Menkaure calls on the powers of darkness!
Your body is wracked with pain!
* * * LOW HITPOINT WARNING * * *
Menkaure points at you and mumbles some strange words.
Pain shoots through your body!
* * * LOW HITPOINT WARNING * * *
A red film seems to cover your vision as you go berserk!
You feel yourself moving faster!
You feel mighty!
You feel a lot more hungry. Menkaure barely misses you.
You slash Menkaure! Menkaure hits you!!
You die...

## .# . ... ##.# .## ##.... ...
.... #....##.. ..... .$#....#
......... ####......###
..........#... ....... .......#
.....##M..# ....[.## #....(#@..#
....... .#......## ......#
..##......# ...##.# #..###....##
......###..###..##.##.. .... ..
......#...###⌠.⌠#...#..#..#.##..
..##.........._........#........
..###......#.⌠.⌠.....#.........##
..##..##..##.#......## ........#.


You could see Menkaure.

Vanquished Creatures
  Jessica (D:2)
  Terence (D:2)
  Natasha (thrice) (D:2)
  5 adders
  An ooze (D:2)
  An adder skeleton (D:4)
  A dart slug (D:1)
  2 leopard geckos
  A ball python (D:2)
  10 bats
  3 giant cockroaches
  10 goblins
  7 hobgoblins
  4 jackals (D:2)
  5 kobolds
  A quokka (D:3)
  6 frilled lizards
  A jackal skeleton (D:4)
  A quokka skeleton (D:4)
  5 rats
69 creatures vanquished.

Notes
Turn   | Place    | Note
-------+----------+-------------------------------------------
     0 | D:1      | MatthieuS the Draconian Berserker began the quest for the
                  | Orb.
     0 | D:1      | Reached XP level 1. HP: 19/19 MP: 1/1
   131 | D:1      | Reached XP level 2. HP: 26/26 MP: 2/2
   349 | D:1      | Reached ** piety under Trog
   380 | D:1      | Reached XP level 3. HP: 30/33 MP: 3/3
   700 | D:2      | Found a shadowy altar of Dithmenos.
   718 | D:2      | Noticed Natasha
   723 | D:2      | Killed Natasha
   723 | D:2      | Reached skill level 4 in Axes
   811 | D:2      | Noticed Terence
   821 | D:2      | Killed Terence
   821 | D:2      | Reached XP level 4. HP: 40/40 MP: 4/4
   988 | D:2      | Noticed Jessica
   993 | D:2      | Killed Jessica
  1166 | D:2      | Noticed Natasha
  1178 | D:2      | Killed Natasha
  1178 | D:2      | Reached skill level 5 in Axes
  1178 | D:2      | Reached XP level 5. HP: 13/47 MP: 5/5
  1693 | D:2      | Noticed Natasha
  1701 | D:2      | Killed Natasha
  2027 | D:3      | Reached *** piety under Trog
  2290 | D:3      | Found a snail-covered altar of Cheibriados.
  2316 | D:3      | Found a glowing silver altar of Zin.
  2554 | D:4      | Got a polished mace
  2677 | D:4      | Found a sparkling altar of Nemelex Xobeh.
  2688 | D:4      | Noticed Menkaure
  2696 | D:4      | Slain by Menkaure

Levels and vault maps discovered:
D:1:      lightli_arrival_chessboard, layout_basic
D:2:      layout_loops_corners, grunt_dithmenos_smoke_and_mirrors, uniq_jessica,
          uniq_natasha, uniq_terence
D:3:      layout_loops_cross, zin_statuary, cheibriados_altar_1, first_ration
D:4:      layout_cave_pools, nemelex_xobeh_ov_fountains_minmay,
          gup_sewer_entry_spiral, serial_glass, glass_columns_c,
          glass_columns_a, glass_columns_a, glass_columns_a, glass_columns_a,
          glass_columns_a, uniq_menkaure

Skill      XL: |  1  2  3  4 |
---------------+-------------+-----
Fighting       | 4 |  4.9
Axes           | 4 5 |  5.7
Dodging        | |  2.6

Action                   |  1- 3 |  4- 6 || total
-------------------------+-------+-------++-------
Melee: Hand axe          |   111 |   112 ||   223
       Tailslap          |    15 |    14 ||    29
Invok: Berserk           |     1 |     3 ||     4
  Use: Scroll            |       |     7 ||     7
 Stab: Sleeping          |       |     3 ||     3
  Eat: Chunk             |       |     9 ||     9
Armor: Skin              |    51 |    25 ||    76
Dodge: Dodged            |    81 |    58 ||   139

Table legend:
 A = Non-vault XP
 B = Vault XP
 C = Vault XP percentage of total XP
 D = Non-vault monster count
 E = Vault monster count
 F = Vault count percentage of total count
                 A         B        C        D         E       F
            +---------+---------+-------+---------+---------+-------
      Total |     249 |     108 |  30.3 |      66 |       3 |   4.3
            +---------+---------+-------+---------+---------+-------
        D:1 |      45 |       0 |   0.0 |      25 |       0 |   0.0
        D:2 |     131 |     108 |  45.2 |      26 |       3 |  10.3
        D:3 |      49 |       0 |   0.0 |       9 |       0 |   0.0
        D:4 |      24 |       0 |   0.0 |       6 |       0 |   0.0
            +---------+---------+-------+---------+---------+-------
